Map: Disco Bloodbath LE

Players

Elazer - Winner!

  • Race: Zerg Zerg
  • League: Master
  • Spawn Location: 9:00

goblin

  • Race: Protoss Protoss
  • Spawn Location: 3:00

Event: NationWars 2019

VOD

Have the link to the VOD?

Description

Time

  • Played on: Nov. 17, 2019, 3:50 p.m.
  • Length: 32:58

All games in this series

Show
View Real Time Build Order
Export as new Build Order

Elazer Zerg - Winner!

Build Orders: Hatch First, Lurkers 

Get SALT Encoding   

  12  0:00  Drone  
  13  0:12  Overlord  
  13  0:16  Drone  
  14  0:30  Drone x2  
  16  0:46  Hatchery  
  15  0:50  Drone  
  15  0:54  Drone  
  18  0:57  Drone  
  18  1:07  Extractor  
  17  1:12  Spawning Pool  
  17  1:15  Drone  
  17  1:18  Drone  
  18  1:28  Drone  
  19  1:40  Drone  
  20  1:50  Drone  
  21  1:58  Queen x2  
  21  2:00  Zergling x2  
  21  2:01  Overlord  
  26  2:09  Zergling x2  
  26  2:11  Drone  
  28  2:21  Drone x2  
  30  2:27  Hatchery  
  30  2:31  Hatchery  
  30  2:34  Drone  
  30  2:36  Drone  
  31  2:44  Queen  
  33  2:51  Overlord  
  33  2:53  Metabolic Boost  
  33  2:55  Drone  
  34  2:59  Drone  
  34  3:01  Drone  
  36  3:08  Overlord  
  36  3:10  Drone x2  
  36  3:11  Drone  
  39  3:13  Drone  
  39  3:15  Drone  
  39  3:18  Drone  
  42  3:23  Queen  
  44  3:33  Spore Crawler  
  43  3:34  Drone  
  43  3:35  Drone x4  
  48  3:42  Roach Warren, Drone  
  48  3:48  Lair  
  48  3:50  Drone, Extractor  
  48  3:52  Drone  
  48  3:53  Drone  
  50  3:57  Drone x2  
  50  3:59  Extractor  
  51  4:06  Overlord  
  51  4:08  Drone x2  
  54  4:10  Drone  
  54  4:13  Overlord  
  54  4:17  Overlord  
  58  4:27  Overlord  
  58  4:38  Spore Crawler, Overlord  
  63  4:43  Spore Crawler, Drone x5  
  63  4:44  Queen x2  
  61  4:50  Spore Crawler  
  60  4:54  Overlord  
  60  4:55  Drone x4  
  60  4:57  Overlord  
  60  4:58  Drone  
  64  5:00  Overlord  
  64  5:03  Drone x2  
  64  5:05  Drone  
  64  5:06  Drone  
  66  5:10  Overlord  
  66  5:15  Drone x3  
  66  5:20  Extractor  
  66  5:21  Hydralisk Den  
  66  5:22  Overlord  
  66  5:28  Drone x2  
  66  5:30  Spore Crawler  
  66  5:31  Drone x2  
  66  5:33  Drone  
  68  5:37  Evolution Chamber  
  68  5:39  Queen  
  68  5:41  Drone x2  
  69  5:44  Drone  
  70  5:50  Muscular Augments  
  70  5:51  Overseer  
  70  5:55  Overlord  
  70  5:56  Hydralisk  
  70  5:57  Hydralisk x2  
  70  6:01  Hydralisk x2  
  78  6:04  Hydralisk  
  78  6:07  Zerg Missile Weapons Level 1  
  78  6:09  Hydralisk, Overlord  
  79  6:13  Overlord, Hydralisk  
  79  6:15  Drone x2  
  79  6:18  Drone x2  
  85  6:24  Hydralisk x2  
  89  6:32  Overlord x2  
  89  6:33  Spore Crawler  
  89  6:36  Overlord  
  89  6:37  Drone  
  89  6:47  Overlord  
  89  6:53  Drone x8  
  97  6:57  Infestation Pit  
  97  6:58  Overlord  
  97  7:00  Drone x2  
  98  7:04  Drone x3  
  101  7:10  Extractor  
  101  7:12  Extractor  
  99  7:16  Overlord  
  99  7:18  Drone x2  
  99  7:19  Grooved Spines  
  101  7:24  Overlord  
  101  7:25  Lurker Den, Hatchery  
  101  7:26  Overlord  
  99  7:37  Overlord  
  99  7:38  Drone x3  
  102  7:44  Overlord  
  102  7:45  Hydralisk x3  
  102  7:47  Hive  
  108  7:52  Hydralisk x2  
  108  7:54  Hydralisk  
  108  7:55  Hydralisk  
  116  8:01  Zerg Missile Weapons Level 2  
  116  8:04  Hydralisk x3  
  122  8:12  Drone x7  
  129  8:13  Drone  
  129  8:18  Drone  
  131  8:24  Overlord  
  131  8:25  Drone x5  
  136  8:31  Overlord  
  136  8:32  Overlord  
  136  8:37  Extractor  
  136  8:38  Hydralisk x4  
  136  8:40  Extractor  
  142  8:48  Overseer, Pneumatized Carapace  
  142  8:53  Overlord  
  142  8:55  Overlord x2  
  142  8:56  Drone x3  
  142  8:57  Drone x2  
  142  9:02  Overlord  
  147  9:05  Overlord  
  147  9:07  Overlord x5  
  147  9:13  Adaptive Talons  
  147  9:18  Viper  
  150  9:26  Viper  
  150  9:28  Viper  
  150  9:30  Lurker x7  
  163  9:32  Spore Crawler, Hydralisk  
  163  9:33  Spore Crawler x2  
  163  9:35  Overseer  
  163  9:36  Overseer  
  162  9:39  Zergling x12  
  162  9:45  Spine Crawler  
  167  9:47  Hydralisk x5  
  167  9:48  Spore Crawler  
  167  9:51  Overseer  
  176  10:04  Nydus Network, Hydralisk x3  
  181  10:08  Hatchery  
  181  10:13  Hydralisk x3  
  186  10:20  Spine Crawler  
  185  10:21  Spine Crawler  
  185  10:22  Spore Crawler, Spine Crawler  
  185  10:25  Spire  
  185  10:27  Drone x4  
  185  10:28  Drone  
  186  10:29  Spore Crawler  
  186  10:33  Spine Crawler  
  186  10:34  Zerg Missile Weapons Level 3  
  184  10:49  Nydus Canal  
  184  10:54  Lurker x3  
  184  10:55  Lurker  
  188  10:57  Hydralisk x2  
  188  10:58  Spore Crawler  
  188  11:03  Nydus Canal  
  177  11:44  Hydralisk x5  
  175  11:48  Pathogen Glands, Greater Spire  
  175  11:50  Drone x2  
  175  11:51  Drone x3  
  180  12:04  Spore Crawler x2, Spine Crawler  
  180  12:05  Spore Crawler x3  
  180  12:06  Spore Crawler  
  173  12:10  Hydralisk x12  
  173  12:12  Lurker x2  
  173  12:13  Lurker  
  199  12:21  Nydus Canal  
  199  12:30  Overlord x2  
  185  12:53  Lurker x5  
  185  12:54  Lurker x2  
  185  12:56  Overseer  
  185  12:57  Overseer  
  188  12:58  Nydus Canal  
  188  13:03  Hydralisk x5  
  198  13:10  Extractor x2  
  196  13:13  Spine Crawler  
  196  13:14  Spine Crawler, Nydus Canal  
  180  13:28  Nydus Canal  
  139  13:34  Hydralisk  
  139  13:35  Hydralisk x10  
  139  13:37  Zergling x26  
  139  13:40  Hydralisk  
  139  13:41  Hydralisk  
  155  13:55  Hydralisk x5  
  165  14:09  Lurker x3  
  164  14:17  Zerg Ground Armor Level 1  
  164  14:22  Overseer  
  164  14:25  Corruptor  
  164  14:26  Corruptor x2  
  170  14:34  Burrow  
  170  14:39  Overseer x3  
  170  14:40  Corruptor x2  
  181  14:45  Drone x7  
  181  14:46  Drone x6  
  187  14:54  Zerg Flyer Weapons Level 1  
  187  14:57  Spore Crawler  
  187  14:58  Spore Crawler x2  
  187  14:59  Spore Crawler x2  
  182  15:00  Corruptor x3  
  182  15:07  Drone  
  182  15:08  Drone x3  
  182  15:09  Spore Crawler x3  
  182  15:10  Spore Crawler, Brood Lord  
  182  15:13  Drone x6  
  196  15:17  Brood Lord  
  196  15:18  Spore Crawler x3  
  196  15:20  Spore Crawler  
  194  15:21  Spore Crawler  
  194  15:22  Spore Crawler  
  194  15:23  Spore Crawler  
  194  15:24  Spore Crawler x2  
  186  15:30  Corruptor  
  186  15:31  Corruptor x2  
  186  15:34  Infestor x3  
  192  15:38  Infestor  
  194  15:43  Brood Lord  
  194  15:45  Spore Crawler  
  194  15:46  Spore Crawler  
  194  15:48  Spore Crawler x2, Brood Lord  
  194  15:52  Brood Lord  
  196  15:57  Neural Parasite  
  196  15:58  Drone  
  196  15:59  Drone x2  
  196  16:02  Spore Crawler x3  
  196  16:04  Spore Crawler  
  196  16:06  Infestor  
  197  16:13  Nydus Canal  
  197  16:26  Overlord  
  197  16:27  Nydus Canal, Overlord  
  189  16:45  Spore Crawler, Overlord x3  
  189  16:46  Spore Crawler x2  
  186  16:47  Spore Crawler  
  173  17:10  Infestor x5  
  173  17:11  Infestor  
  173  17:12  Brood Lord x3  
  173  17:13  Zerg Flyer Weapons Level 2  
  185  17:19  Zerg Ground Armor Level 2  
  185  17:23  Evolution Chamber  
  185  17:25  Spore Crawler x2, Infestor  
  185  17:27  Spore Crawler  
  183  17:50  Corruptor x2  
  187  17:53  Infestor x2  
  187  17:54  Infestor  
  193  18:04  Overseer  
  193  18:05  Overseer  
  193  18:24  Nydus Canal  
  186  18:57  Infestor x4  
  186  18:58  Infestor  
  186  18:59  Zerg Melee Weapons Level 1  
  186  19:02  Adrenal Glands  
  196  19:08  Drone x4  
  200  19:15  Spore Crawler  
  200  19:17  Spore Crawler  
  198  19:18  Spine Crawler  
  198  19:19  Spore Crawler, Spine Crawler  
  198  19:20  Spore Crawler, Spine Crawler, Brood Lord x2  
  197  19:30  Zerg Flyer Armor Level 1  
  197  19:33  Corruptor  
  199  19:50  Spire, Zerg Ground Armor Level 3  
  198  19:55  Spore Crawler  
  198  19:56  Spore Crawler  
  198  19:57  Overseer  
  196  20:13  Spore Crawler x3  
  192  20:14  Hatchery  
  191  20:33  Zergling x12  
  191  20:35  Spore Crawler x2  
  195  20:36  Spore Crawler x2  
  195  20:37  Spore Crawler  
  195  20:41  Infestor x19  
  192  20:52  Zergling x8  
  196  20:58  Corruptor x2  
  199  21:20  Spire  
  198  21:30  Corruptor  
  198  21:32  Zerg Flyer Armor Level 2  
  200  21:34  Zerg Flyer Weapons Level 3  
  192  21:59  Overlord x2  
  190  22:06  Infestor x9  
  187  22:15  Spawning Pool  
  187  22:18  Infestor x8  
  186  22:23  Infestor x7  
  200  22:35  Hatchery  
  186  22:56  Corruptor x5  
  194  23:12  Overlord x2  
  190  23:13  Overlord  
  190  23:27  Overlord  
  190  23:28  Overlord x4  
  188  23:36  Zergling x14  
  188  23:40  Lair  
  195  24:09  Hatchery  
  194  24:11  Corruptor x2  
  183  24:38  Corruptor  
  183  24:39  Corruptor x2, Extractor x2  
  183  24:44  Infestor  
  189  25:06  Corruptor x2  
  171  25:33  Corruptor x3  
  153  25:50  Corruptor  
  153  26:05  Infestor  
  153  26:07  Zergling x22  
  166  26:26  Infestor  
  168  26:38  Infestor  
  170  26:55  Infestor  
  170  26:58  Drone x7  
  179  27:01  Spore Crawler  
  179  27:02  Spore Crawler x3  
  164  27:17  Infestor x4  
  164  27:20  Infestor x2  
  162  27:30  Hatchery  
  161  27:43  Hatchery  
  160  27:57  Hatchery  
  159  28:04  Drone  
  159  28:05  Drone x7  
  166  28:16  Extractor  
  166  28:19  Infestor  
  145  28:58  Drone x2  
  145  28:59  Drone  
  147  29:10  Infestor  
  147  29:12  Zergling x16  
  147  29:13  Zergling x14  
  147  29:15  Drone  
  165  29:24  Zergling x2  
  165  29:25  Zergling x8  
  165  29:28  Extractor  
  169  29:31  Extractor  
  166  29:49  Corruptor x2  
  170  30:02  Spine Crawler x2  
  170  30:03  Spore Crawler  
  170  30:05  Spore Crawler, Infestor x12  
  166  30:13  Corruptor  
  158  30:17  Hatchery  
  145  30:23  Corruptor  
  145  30:27  Zergling x18  
  154  30:33  Infestor x11  
  145  31:01  Zergling x20  
  150  31:26  Hydralisk x7  
  150  31:31  Drone x7  
  169  31:46  Drone x7  
  167  31:50  Zergling x4  
  164  31:58  Zergling x2  
  166  32:08  Zergling x16  
  166  32:11  Extractor x2  
Show
View Real Time Build Order
Export as new Build Order

goblin Protoss 

Build Orders: 1 Gate Expand, Phoenix Opening, Carriers, Mass Phoenix 

Get SALT Encoding   

  12  0:00  Probe  
  13  0:12  Probe  
  14  0:18  Pylon  
  14  0:25  Probe (Chrono Boost)  
  15  0:37  Probe (Chrono Boost)  
  15  0:40  Gateway  
  16  0:45  Probe (Chrono Boost)  
  16  0:47  Assimilator  
  17  0:51  Probe  
  18  1:03  Probe  
  19  1:21  Nexus  
  19  1:24  Probe  
  20  1:35  Cybernetics Core  
  20  1:38  Probe  
  21  1:43  Assimilator  
  21  1:51  Pylon  
  21  1:52  Probe  
  22  2:05  Probe (Chrono Boost)  
  23  2:10  Stalker (Chrono Boost)  
  23  2:14  Probe (Chrono Boost)  
  26  2:19  Probe (Chrono Boost)  
  27  2:24  Stargate  
  27  2:32  Warp Gate  
  27  2:33  Probe (Chrono Boost)  
  27  2:35  Probe (Chrono Boost)  
  27  2:36  Adept  
  31  2:43  Probe (Chrono Boost)  
  33  2:45  Probe (Chrono Boost)  
  33  2:47  Probe (Chrono Boost)  
  34  2:55  Probe  
  35  2:59  Probe  
  36  3:06  Gateway  
  36  3:07  Probe  
  36  3:08  Phoenix (Chrono Boost)  
  36  3:11  Probe  
  40  3:17  Pylon  
  40  3:19  Probe  
  41  3:23  Probe  
  41  3:24  Assimilator  
  42  3:28  Phoenix (Chrono Boost)  
  42  3:31  Probe  
  45  3:35  Probe  
  45  3:37  Assimilator  
  46  3:43  Stargate, Probe  
  46  3:47  Probe  
  48  3:51  Pylon  
  48  3:54  Phoenix (Chrono Boost)  
  48  3:56  Probe  
  48  3:59  Probe  
  52  4:08  Probe  
  53  4:11  Probe  
  53  4:14  Pylon  
  56  4:18  Phoenix (Chrono Boost)  
  56  4:25  Pylon  
  56  4:27  Phoenix (Chrono Boost), Protoss Air Weapons Level 1  
  58  4:45  Phoenix (Chrono Boost)  
  60  4:46  Adept, Zealot  
  60  4:48  Probe x2  
  60  4:51  Pylon  
  66  4:53  Phoenix  
  68  5:05  Phoenix  
  70  5:11  Pylon  
  70  5:15  Nexus  
  70  5:18  Phoenix  
  72  5:22  Probe x2  
  72  5:24  Robotics Facility  
  74  5:30  Phoenix  
  76  5:38  Probe  
  76  5:39  Probe  
  78  5:43  Pylon  
  78  5:45  Phoenix, Robotics Facility  
  80  5:54  Pylon  
  80  5:55  Phoenix  
  82  5:59  Pylon  
  82  6:12  Phoenix  
  82  6:14  Zealot  
  82  6:15  Zealot  
  82  6:16  Immortal (Chrono Boost), Shield Battery  
  88  6:21  Probe x2  
  94  6:27  Probe  
  95  6:33  Probe x2  
  95  6:34  Twilight Council  
  95  6:37  Forge  
  95  6:39  Probe  
  98  6:43  Immortal  
  102  6:47  Robotics Bay  
  102  6:53  Protoss Ground Weapons Level 1, Immortal  
  106  6:55  Probe x2  
  108  7:02  Gateway  
  108  7:08  Probe (Chrono Boost)  
  110  7:09  Probe x2 (Chrono Boost)  
  110  7:10  Assimilator  
  110  7:12  Charge (Chrono Boost), Assimilator  
  109  7:19  Probe x3 (Chrono Boost)  
  112  7:23  Probe (Chrono Boost)  
  112  7:24  Pylon  
  112  7:26  Observer (Chrono Boost)  
  112  7:28  Probe x2  
  116  7:32  Colossus (Chrono Boost)  
  122  7:39  Pylon  
  124  7:49  Colossus (Chrono Boost)  
  128  7:53  Pylon  
  128  7:55  Extended Thermal Lance (Chrono Boost)  
  128  7:58  Gateway  
  128  7:59  Gateway  
  128  8:02  Gateway  
  128  8:11  Zealot x2  
  132  8:16  Pylon  
  132  8:26  Templar Archives  
  135  8:28  Nexus, Immortal (Chrono Boost)  
  135  8:30  Pylon  
  135  8:33  Blink (Chrono Boost)  
  135  8:35  Photon Cannon  
  135  8:37  Photon Cannon  
  135  8:42  Observer (Chrono Boost)  
  136  8:57  Warp Prism (Chrono Boost)  
  136  9:02  Protoss Ground Weapons Level 2 (Chrono Boost)  
  138  9:07  Psionic Storm, Warp Prism (Chrono Boost)  
  138  9:16  High Templar x2  
  142  9:22  Assimilator  
  142  9:24  Photon Cannon  
  142  9:25  Assimilator  
  142  9:26  Immortal (Chrono Boost)  
  142  9:27  Photon Cannon  
  146  9:31  High Templar  
  146  9:35  High Templar  
  150  9:41  Zealot x2  
  150  9:44  Gateway  
  154  9:45  Gateway  
  154  9:48  Gateway  
  154  9:49  Gateway  
  154  9:50  Gateway, Sentry  
  154  9:51  High Templar  
  154  9:52  Gateway  
  158  10:12  Gravitic Drive (Chrono Boost), Zealot x3  
  158  10:13  Zealot  
  166  10:20  High Templar  
  168  10:25  High Templar  
  170  10:29  Pylon, Archon  
  170  10:31  Gateway x2  
  170  10:33  Stalker x3, Pylon  
  170  10:34  Stalker  
  178  10:44  Pylon  
  178  10:58  High Templar x2, Zealot x5  
  178  10:59  High Templar x2  
  178  11:01  Zealot x2  
  178  11:03  Archon  
  182  11:14  Observer (Chrono Boost)  
  174  11:26  Zealot x2  
  174  11:27  Observer (Chrono Boost), Zealot  
  171  11:37  Zealot x2  
  171  11:38  Zealot x2  
  171  11:39  Stalker  
  175  11:40  Stalker, Zealot x2  
  175  11:45  Probe x2  
  175  11:46  Probe x2  
  183  11:49  Archon  
  183  11:57  Probe  
  183  11:58  Probe x2  
  183  11:59  Zealot x3  
  183  12:00  Zealot x3  
  198  12:10  Stargate  
  198  12:14  Fleet Beacon  
  198  12:21  Zealot  
  200  12:24  Photon Cannon  
  196  12:37  Zealot x2  
  177  12:55  Carrier x3 (Chrono Boost)  
  195  13:00  Probe x2  
  195  13:02  Probe  
  198  13:09  Photon Cannon  
  198  13:10  Photon Cannon  
  198  13:11  Pylon  
  198  13:19  Probe x2  
  164  13:35  Protoss Air Weapons Level 2 (Chrono Boost)  
  164  13:39  Zealot  
  164  13:40  High Templar x3, Zealot x4  
  164  13:41  High Templar  
  166  13:48  High Templar x2  
  170  13:52  Zealot  
  170  13:55  Carrier (Chrono Boost)  
  170  13:58  Archon  
  170  14:00  Carrier x2 (Chrono Boost)  
  182  14:27  Stalker, Zealot x3  
  192  14:38  Probe (Chrono Boost)  
  192  14:42  Probe (Chrono Boost)  
  192  14:45  Mothership (Chrono Boost)  
  192  14:46  Photon Cannon  
  200  15:05  Pylon, Nexus  
  200  15:07  Photon Cannon  
  200  15:09  Photon Cannon  
  200  15:44  Protoss Shields Level 1 (Chrono Boost)  
  200  15:48  Forge  
  200  15:55  Protoss Air Weapons Level 3 (Chrono Boost), Photon Cannon x2  
  196  15:59  Photon Cannon  
  196  16:11  Pylon  
  196  16:14  Shield Battery  
  196  16:15  Shield Battery  
  196  16:17  Shield Battery  
  196  16:18  Photon Cannon  
  196  16:22  Protoss Ground Weapons Level 3 (Chrono Boost), Assimilator  
  196  16:27  Assimilator  
  177  17:13  Zealot  
  177  17:15  Carrier x3 (Chrono Boost)  
  195  17:31  High Templar x2, Photon Cannon  
  195  17:32  Photon Cannon  
  195  17:34  Photon Cannon  
  195  17:36  Photon Cannon  
  199  17:40  Protoss Ground Armor Level 1 (Chrono Boost)  
  199  17:44  Zealot  
  200  17:46  Dark Shrine  
  200  18:02  Shield Battery  
  200  18:04  Nexus  
  200  18:05  Pylon  
  194  18:22  Pylon  
  194  18:25  Assimilator  
  194  18:29  Assimilator  
  194  18:32  Photon Cannon, Protoss Air Armor Level 1 (Chrono Boost)  
  194  18:36  Pylon  
  194  18:38  Photon Cannon  
  193  18:44  Stalker x4  
  193  18:45  Stalker  
  193  18:47  Pylon  
  198  18:53  Protoss Shields Level 2 (Chrono Boost)  
  198  19:02  Shadow Stride (Chrono Boost)  
  198  19:04  Resonating Glaives  
  197  19:18  Oracle (Chrono Boost)  
  200  20:10  Photon Cannon x2  
  200  20:11  Photon Cannon  
  200  20:12  Photon Cannon x3  
  198  20:14  Shield Battery  
  198  20:20  Observer x2  
  200  20:25  Protoss Ground Armor Level 2 (Chrono Boost)  
  200  20:31  Gateway  
  200  20:33  Gateway  
  200  20:38  Gateway  
  200  20:41  Protoss Air Armor Level 2 (Chrono Boost)  
  196  20:44  Gateway  
  196  20:47  Gateway  
  196  20:48  Gateway  
  190  21:29  Zealot x5  
  190  21:31  Photon Cannon  
  200  21:34  Photon Cannon  
  200  21:35  Photon Cannon  
  200  21:37  Photon Cannon  
  200  21:45  Zealot x4  
  200  21:46  Zealot  
  200  21:48  Mothership (Chrono Boost)  
  200  21:51  Zealot  
  200  21:52  Zealot  
  200  21:53  Protoss Shields Level 3 (Chrono Boost)  
  190  22:06  Zealot x2  
  190  22:07  Zealot x3  
  198  22:33  Observer  
  198  22:34  Observer  
  198  22:35  Pylon  
  162  22:55  Carrier x2 (Chrono Boost)  
  162  23:01  Zealot x3  
  162  23:02  Zealot x7  
  162  23:03  Zealot x4  
  190  23:08  Carrier (Chrono Boost)  
  178  23:15  Zealot x5  
  186  23:26  Protoss Ground Armor Level 3 (Chrono Boost)  
  180  23:38  Observer (Chrono Boost)  
  180  23:39  Observer (Chrono Boost)  
  170  23:55  High Templar x2  
  170  23:56  High Templar x5  
  170  23:57  High Templar  
  170  23:59  High Templar x4  
  194  24:09  Archon x2  
  194  24:10  Archon x3  
  194  24:11  Archon  
  190  24:26  Protoss Air Armor Level 3 (Chrono Boost)  
  190  24:29  Pylon  
  190  24:30  Nexus  
  182  24:38  Observer, Assimilator  
  182  24:40  Pylon  
  182  24:41  Photon Cannon  
  182  24:42  Zealot x3  
  182  24:43  Zealot  
  190  25:03  Oracle  
  190  25:04  Oracle  
  196  25:12  Oracle  
  152  25:45  High Templar x5  
  152  25:46  High Templar  
  158  25:56  Assimilator  
  143  25:58  High Templar, Assimilator  
  143  25:59  High Templar x7  
  143  26:03  High Templar x2  
  143  26:04  Archon x3  
  163  26:05  Archon  
  157  26:13  High Templar x2, Archon  
  157  26:14  Zealot  
  143  27:08  Dark Templar, Zealot x3  
  141  27:38  Nexus  
  141  27:42  Pylon  
  141  27:43  Archon  
  141  27:48  Pylon  
  139  27:54  High Templar x2  
  143  28:01  Zealot x5  
  151  28:10  Zealot  
  151  28:11  Zealot x4  
  146  28:33  Probe x3 (Chrono Boost)  
  146  28:34  Probe (Chrono Boost)  
  151  28:39  Probe (Chrono Boost)  
  152  28:42  Probe x4 (Chrono Boost)  
  152  28:46  Probe (Chrono Boost)  
  152  28:47  Probe (Chrono Boost)  
  157  28:57  Zealot x2  
  159  29:04  Probe x2  
  159  29:06  Probe  
  159  29:09  Probe  
  161  29:24  Assimilator  
  161  29:25  Assimilator  
  161  29:26  Probe  
  160  29:58  Zealot x3  
  160  29:59  Stalker  
  168  30:00  Observer (Chrono Boost)  
  168  30:01  Observer (Chrono Boost)  
  168  30:04  Dark Templar, Zealot x4  
  168  30:05  Zealot, Dark Templar  
  174  30:23  Dark Templar, Zealot x2  
  176  30:40  Probe x4  
  87  31:15  Zealot x4  
  87  31:16  Zealot x4  
  87  31:18  Zealot x3  
  94  31:19  Dark Templar  
  94  31:23  Zealot  
  94  31:25  Archon  
  96  31:31  Probe x2 (Chrono Boost)  
  94  31:33  Probe (Chrono Boost)  
  94  31:37  Probe (Chrono Boost)  
  90  31:51  Probe  
  90  31:52  Probe x2  
  90  31:53  Probe  
  90  31:54  Probe  
  90  31:55  Probe  
  92  32:03  Probe  
  92  32:07  High Templar x3  
  99  32:17  Observer x2  
Tags
 
Add a new tag
Caveats
  • Supply blocks, unpowered buildings, or Contaminate may cause inaccurate times.
  • Supply counts are checked every 10 seconds.